| TOP OF THE 1ST |
|
St. Cloud Rox batting - Pitching for Watertown Bucks : RHP Thomas Siebert
|
|
Pitching: RHP Thomas Siebert
|
|
|
Batting: LHB Doran Perdue
|
0-0: Called Strike 0-1: Ball 1-1: Ball 2-1: Called Strike 2-2: SINGLE (Flyball, 6MD, EV 88.8 MPH)
|
|
Batting: RHB Ron Gardenhire
|
0-0: SINGLE (Groundball, 4MD, EV 94.4 MPH) Doran Perdue to second Runner from 2nd tries for 3rd, SAFE, no throw by CF
|
|
Batting: SHB R J Reynolds
|
0-0: Ball 1-0: Foul Ball, location: 2F 1-1: Ball 2-1: Ball 3-1: Base on Balls Ron Gardenhire to second
|
|
Batting: LHB Tim Flannery
|
0-0: Ball 1-0: Swinging Strike 1-1: Foul Ball, location: 2F 1-2: Ball 2-2: Foul Ball, location: 2F 2-2: Ball 3-2: Grounds into double play, 4-6-3 (Groundball, 4, EV 81.3 MPH) Doran Perdue scores Ron Gardenhire to third
|
|
Batting: RHB Bill Worden
|
0-0: Called Strike 0-1: Foul Ball, location: 2F 0-2: Ball 1-2: Ball 2-2: Ground out 6-3 (Groundball, 6S, EV 85.0 MPH)
|
| Top of the 1st over - 1 run, 2 hits, 0 errors, 1 left on base; St. Cloud 1 - Watertown 0 |
| BOTTOM OF THE 1ST |
|
Watertown Bucks batting - Pitching for St. Cloud Rox : LHP William Eason
|
|
Pitching: LHP William Eason
|
|
|
Batting: RHB Thomas Dimino
|
0-0: Called Strike 0-1: Foul Ball, location: 2F 0-2: Ground out 4-3 (Groundball, 34, EV 86.3 MPH)
|
|
Batting: RHB Robert Tanzi
|
0-0: Fly out, F7 (Flyball, 7LS, EV 81.3 MPH)
|
|
Batting: RHB Richard Plautz
|
0-0: Called Strike 0-1: Ball 1-1: Foul Ball, location: 2F 1-2: Strikes out swinging
|
| Bottom of the 1st over - 0 runs, 0 hits, 0 errors, 0 left on base; St. Cloud 1 - Watertown 0 |
| TOP OF THE 2ND |
|
St. Cloud Rox batting - Pitching for Watertown Bucks : RHP Thomas Siebert
|
|
Batting: LHB Curtis Morgan
|
0-0: Ball 1-0: Ground out U3 (Groundball, 34, EV 78.8 MPH)
|
|
Batting: RHB Dennis Sherrill
|
0-0: Called Strike 0-1: Swinging Strike 0-2: Strikes out swinging
|
|
Batting: RHB Rich Velasquez
|
0-0: Ball 1-0: Ball 2-0: SINGLE (Flyball, 6MD, EV 88.8 MPH)
|
|
Batting: SHB Manny Galvez
|
0-0: Ball 1-0: Fielders Choice at 2nd, 6-4 (Groundball, 56, EV 100.0 MPH)
|
| Top of the 2nd over - 0 runs, 1 hit, 0 errors, 1 left on base; St. Cloud 1 - Watertown 0 |
| BOTTOM OF THE 2ND |
|
Watertown Bucks batting - Pitching for St. Cloud Rox : LHP William Eason
|
|
Batting: LHB Manuel Vigil
|
0-0: Ground out 4-3 (Groundball, 34, EV 102.5 MPH)
|
|
Batting: LHB Greg Guin
|
0-0: Called Strike 0-1: Ball 1-1: SINGLE (Flyball, 8LS, EV 95.6 MPH)
|
|
Batting: RHB Eugene Cattane
|
0-0: Ball 1-0: Fly out, F7 (Flyball, 78M, EV 84.4 MPH)
|
|
Batting: RHB Sebastiano Borriello
|
0-0: Ball 1-0: Foul Ball, location: 2F 1-1: Ball 2-1: Ball 3-1: Called Strike 3-2: Strikes out looking
|
| Bottom of the 2nd over - 0 runs, 1 hit, 0 errors, 1 left on base; St. Cloud 1 - Watertown 0 |
| TOP OF THE 3RD |
|
St. Cloud Rox batting - Pitching for Watertown Bucks : RHP Thomas Siebert
|
|
Batting: LHB Doran Perdue
|
0-0: Ball 1-0: Foul Ball, location: 2F 1-1: Fly out, F8 (Line Drive, 8RM, EV 93.1 MPH)
|
|
Batting: RHB Ron Gardenhire
|
0-0: Called Strike 0-1: Called Strike 0-2: Fly out, F8 (Flyball, 8RD, EV 96.3 MPH)
|
|
Batting: SHB R J Reynolds
|
0-0: Ball 1-0: Swinging Strike 1-1: Ball 2-1: Swinging Strike 2-2: Ground out 1-3 (Groundball, 13, EV 69.4 MPH)
|
| Top of the 3rd over - 0 runs, 0 hits, 0 errors, 0 left on base; St. Cloud 1 - Watertown 0 |
| BOTTOM OF THE 3RD |
|
Watertown Bucks batting - Pitching for St. Cloud Rox : LHP William Eason
|
|
Batting: LHB Bryan Neal
|
0-0: Ball 1-0: Foul Ball, location: 2F 1-1: Ground out 6-3 (Groundball, 6D, EV 83.8 MPH)
|
|
Batting: SHB Luis Rivera
|
0-0: Ground out 6-3 (Groundball, 6M, EV 90.6 MPH)
|
|
Batting: RHB Thomas Dimino
|
0-0: Ball 1-0: Foul Ball, location: 2F 1-1: Foul Ball, location: 2F 1-2: Strikes out swinging
|
| Bottom of the 3rd over - 0 runs, 0 hits, 0 errors, 0 left on base; St. Cloud 1 - Watertown 0 |
| TOP OF THE 4TH |
|
St. Cloud Rox batting - Pitching for Watertown Bucks : RHP Thomas Siebert
|
|
Batting: LHB Tim Flannery
|
0-0: Ball 1-0: Ball 2-0: Ball 3-0: Base on Balls
|
|
Batting: RHB Bill Worden
|
0-0: Ball 1-0: Ball 2-0: Called Strike 2-1: Called Strike 2-2: SINGLE (Groundball, 6MD, EV 103.1 MPH) Tim Flannery to second
|
|
Batting: LHB Curtis Morgan
|
0-0: Called Strike 0-1: Fly out, F8 (Flyball, 8LD, EV 86.3 MPH)
|
|
Batting: RHB Dennis Sherrill
|
0-0: Fly out, F8 (Line Drive, 8LM, EV 84.4 MPH)
|
|
Batting: RHB Rich Velasquez
|
0-0: Ball 1-0: Ground out 5-3 (Groundball, 56S, EV 73.1 MPH)
|
| Top of the 4th over - 0 runs, 1 hit, 0 errors, 2 left on base; St. Cloud 1 - Watertown 0 |
| BOTTOM OF THE 4TH |
|
Watertown Bucks batting - Pitching for St. Cloud Rox : LHP William Eason
|
|
Batting: RHB Robert Tanzi
|
0-0: Ball 1-0: Ball 2-0: Foul Ball, location: 2F 2-1: Ground out 2-3 (Groundball, 2L, EV 66.3 MPH)
|
|
Batting: RHB Richard Plautz
|
0-0: Ball 1-0: Fly out, F9 (Line Drive, 9, EV 107.5 MPH)
|
|
Batting: LHB Manuel Vigil
|
0-0: Called Strike 0-1: Ball 1-1: Called Strike 1-2: Ball 2-2: Ground out U3 (Groundball, 13, EV 90.0 MPH)
|
| Bottom of the 4th over - 0 runs, 0 hits, 0 errors, 0 left on base; St. Cloud 1 - Watertown 0 |
| TOP OF THE 5TH |
|
St. Cloud Rox batting - Pitching for Watertown Bucks : RHP Thomas Siebert
|
|
Batting: SHB Manny Galvez
|
0-0: Ball 1-0: Fly out, F7 (Flyball, 78D, EV 91.3 MPH)
|
|
Batting: LHB Doran Perdue
|
0-0: Ball 1-0: Called Strike 1-1: Ground out 5-3 (Groundball, 15, EV 82.5 MPH)
|
|
Batting: RHB Ron Gardenhire
|
0-0: Ball 1-0: Ball 2-0: Called Strike 2-1: Swinging Strike 2-2: Ground out 6-3 (Groundball, 4MS, EV 88.8 MPH)
|
| Top of the 5th over - 0 runs, 0 hits, 0 errors, 0 left on base; St. Cloud 1 - Watertown 0 |
| BOTTOM OF THE 5TH |
|
Watertown Bucks batting - Pitching for St. Cloud Rox : LHP William Eason
|
|
Batting: LHB Greg Guin
|
0-0: Called Strike 0-1: Called Strike 0-2: Ball 1-2: Fly out, F8 (Line Drive, 8LD, EV 96.9 MPH)
|
|
Batting: RHB Eugene Cattane
|
0-0: DOUBLE (Flyball, 8RXD, EV 109.4 MPH)
|
|
Batting: RHB Sebastiano Borriello
|
0-0: Called Strike 0-1: Ball Wild Pitch! Eugene Cattane to third 1-1: DOUBLE (Flyball, 3D, EV 95.6 MPH) Eugene Cattane scores
|
|
Batting: LHB Bryan Neal
|
0-0: Called Strike 0-1: Called Strike 0-2: Strikes out swinging
|
|
Batting: SHB Luis Rivera
|
0-0: Ball 1-0: Ground out 5-3 (Groundball, 25, EV 88.8 MPH)
|
| Bottom of the 5th over - 1 run, 2 hits, 0 errors, 1 left on base; St. Cloud 1 - Watertown 1 |
| TOP OF THE 6TH |
|
St. Cloud Rox batting - Pitching for Watertown Bucks : RHP Thomas Siebert
|
|
Batting: SHB R J Reynolds
|
0-0: Ground out U3 (Groundball, 3L, EV 88.8 MPH)
|
|
Batting: LHB Tim Flannery
|
0-0: Fly out, F7 (Flyball, 78S, EV 88.1 MPH)
|
|
Batting: RHB Bill Worden
|
0-0: SINGLE (Flyball, 56D, EV 95.6 MPH)
|
|
Batting: LHB Curtis Morgan
|
0-0: Called Strike Bill Worden steals 2nd base 0-1: Called Strike 0-2: Ball 1-2: Ball 2-2: Ball 3-2: Intentional Walk
|
|
Batting: RHB Dennis Sherrill
|
0-0: Ball 1-0: Fly out, F8 (Flyball, 8RM, EV 86.3 MPH)
|
| Top of the 6th over - 0 runs, 1 hit, 0 errors, 2 left on base; St. Cloud 1 - Watertown 1 |
| BOTTOM OF THE 6TH |
|
Watertown Bucks batting - Pitching for St. Cloud Rox : LHP William Eason
|
|
Batting: RHB Thomas Dimino
|
0-0: Ball 1-0: Foul Ball, location: 2F 1-1: Ground out 6-3 (Groundball, 6, EV 98.1 MPH)
|
|
Batting: RHB Robert Tanzi
|
0-0: Called Strike 0-1: Ball 1-1: Fly out, F8 (Line Drive, 8LD, EV 89.4 MPH)
|
|
Batting: RHB Richard Plautz
|
0-0: Ball 1-0: SINGLE (Groundball, 6MD, EV 105.0 MPH)
|
|
Batting: LHB Manuel Vigil
|
0-0: Ball 1-0: Ball 2-0: Ball 3-0: Called Strike 3-1: Ground out 4-3 (Groundball, 4S, EV 67.5 MPH)
|
| Bottom of the 6th over - 0 runs, 1 hit, 0 errors, 1 left on base; St. Cloud 1 - Watertown 1 |
| TOP OF THE 7TH |
|
St. Cloud Rox batting - Pitching for Watertown Bucks : RHP Thomas Siebert
|
|
Batting: RHB Rich Velasquez
|
0-0: Ball 1-0: Foul Ball, location: 2F 1-1: Called Strike 1-2: Fly out, F8 (Flyball, 8RS, EV 73.1 MPH)
|
|
Batting: SHB Manny Galvez
|
0-0: Foul Ball, location: 2F 0-1: Ball 1-1: Ball 2-1: Called Strike 2-2: Ball 3-2: SINGLE (Groundball, 23, EV 68.8 MPH) (infield hit)
|
|
Batting: LHB Doran Perdue
|
0-0: Ball 1-0: Foul Ball, location: 2F 1-1: Swinging Strike 1-2: Ball 2-2: Fly out, F9 (Flyball, 9LS, EV 81.3 MPH)
|
|
Batting: RHB Ron Gardenhire
|
0-0: Foul Ball, location: 2F 0-1: Ball 1-1: Fielders Choice at 2nd, U4 (Groundball, 4M, EV 88.1 MPH)
|
| Top of the 7th over - 0 runs, 1 hit, 0 errors, 1 left on base; St. Cloud 1 - Watertown 1 |
| BOTTOM OF THE 7TH |
|
Watertown Bucks batting - Pitching for St. Cloud Rox : LHP William Eason
|
|
Batting: LHB Greg Guin
|
0-0: Ball 1-0: Ground out 6-3 (Groundball, 6M, EV 90.0 MPH)
|
|
Batting: RHB Eugene Cattane
|
0-0: Ball 1-0: Fly out, F9 (Flyball, 9LS, EV 86.9 MPH)
|
|
Batting: RHB Sebastiano Borriello
|
0-0: Ball 1-0: Foul Ball, location: 2F 1-1: Fly out, F8 (Flyball, 8RXD, EV 88.8 MPH)
|
| Bottom of the 7th over - 0 runs, 0 hits, 0 errors, 0 left on base; St. Cloud 1 - Watertown 1 |
| TOP OF THE 8TH |
|
St. Cloud Rox batting - Pitching for Watertown Bucks : RHP Thomas Siebert
|
|
Batting: SHB R J Reynolds
|
0-0: SINGLE (Line Drive, 7S, EV 101.3 MPH)
|
|
Batting: LHB Tim Flannery
|
0-0: Ball 1-0: Ball 2-0: Fly out, F8 (Line Drive, 8LD, EV 97.5 MPH)
|
|
Batting: RHB Bill Worden
|
0-0: SINGLE (Groundball, 34D, EV 105.0 MPH) R J Reynolds to second Runner from 2nd tries for 3rd, SAFE, throw by RF made to third
|
|
Batting: LHB Curtis Morgan
|
0-0: Ball 1-0: Called Strike 1-1: Foul Ball, location: 2F 1-2: Ball 2-2: Fly out, F9 (Flyball, 9LM, EV 88.1 MPH)
|
|
Batting: RHB Dennis Sherrill
|
0-0: Ball 1-0: Ball 2-0: Swinging Strike 2-1: SINGLE (Groundball, 56D, EV 110.0 MPH) R J Reynolds scores Bill Worden to second
|
|
Batting: RHB Rich Velasquez
|
0-0: Fly out, F4 (Popup, 4S, EV 83.1 MPH)
|
| Top of the 8th over - 1 run, 3 hits, 0 errors, 2 left on base; St. Cloud 2 - Watertown 1 |
| BOTTOM OF THE 8TH |
|
Watertown Bucks batting - Pitching for St. Cloud Rox : LHP William Eason
|
|
Batting: LHB Bryan Neal
|
0-0: Ball 1-0: Ball 2-0: Ball 3-0: Called Strike 3-1: Foul Ball, location: 2F 3-2: Strikes out swinging
|
|
Batting: SHB Luis Rivera
|
0-0: Called Strike 0-1: Swinging Strike 0-2: Foul Ball, location: 2F 0-2: Strikes out swinging, 2-3 out at first.
|
|
Batting: RHB Thomas Dimino
|
0-0: Foul Ball, location: 2F 0-1: Ball 1-1: Fly out, F4 (Popup, 4D, EV 67.5 MPH)
|
| Bottom of the 8th over - 0 runs, 0 hits, 0 errors, 0 left on base; St. Cloud 2 - Watertown 1 |
| TOP OF THE 9TH |
|
St. Cloud Rox batting - Pitching for Watertown Bucks : RHP Thomas Siebert
|
|
Batting: SHB Manny Galvez
|
0-0: Swinging Strike 0-1: Fly out, F6 (Popup, 6M, EV 76.3 MPH)
|
|
Batting: LHB Doran Perdue
|
0-0: Called Strike 0-1: Ball 1-1: Reached on error, E6 (Groundball, 6, EV 83.8 MPH)
|
|
Batting: RHB Ron Gardenhire
|
0-0: Ball 1-0: Foul Ball, location: 2F 1-1: Swinging Strike 1-2: Foul Ball, location: 2F 1-2: Fielders Choice at 2nd, 6-4 (Groundball, 6S, EV 84.4 MPH)
|
|
Batting: SHB R J Reynolds
|
0-0: Called Strike 0-1: Ball 1-1: Ball 2-1: Foul Ball, location: 2F 2-2: Ball Ron Gardenhire steals 2nd base 3-2: Intentional Walk
|
|
Batting: LHB Tim Flannery
|
0-0: Called Strike 0-1: Foul Ball, location: 2F 0-2: Ball 1-2: Foul Ball, location: 2F 1-2: Ball 2-2: Ball 3-2: Base on Balls Ron Gardenhire to third R J Reynolds to second
|
|
Pitching: RHP Michael Beecroft
|
|
|
Batting: RHB Bill Worden
|
0-0: Called Strike 0-1: Ball 1-1: Foul Ball, location: 2F 1-2: Strikes out looking
|
| Top of the 9th over - 0 runs, 0 hits, 1 error, 3 left on base; St. Cloud 2 - Watertown 1 |
| BOTTOM OF THE 9TH |
|
Watertown Bucks batting - Pitching for St. Cloud Rox : LHP William Eason
|
|
Pitching: RHP Mitch Zwolensky
|
|
|
Pinch Hitting: SHB Bruce Hines
|
0-0: Ball 1-0: Ball 2-0: Ball 3-0: Called Strike 3-1: Called Strike 3-2: Strikes out swinging
|
|
Batting: RHB Richard Plautz
|
0-0: Ball 1-0: Ball 2-0: Called Strike 2-1: Ball 3-1: Base on Balls
|
|
Batting: LHB Manuel Vigil
|
0-0: Ball 1-0: Ball 2-0: Called Strike 2-1: Swinging Strike 2-2: Foul Ball, location: 2F 2-2: Strikes out swinging
|
|
Batting: LHB Greg Guin
|
0-0: Ball 1-0: Foul Ball, location: 2F 1-1: Ball 2-1: Called Strike 2-2: Foul Ball, location: 2F 2-2: SINGLE (Line Drive, 8LS, EV 95.6 MPH) Richard Plautz to second Runner from 2nd tries for 3rd, OUT after rundown.
|
| Bottom of the 9th over - 0 runs, 1 hit, 0 errors, 1 left on base; St. Cloud 2 - Watertown 1 |
|